 Dungeon Crawl Stone Soup version 0.24.0-5-g267a8d59f4 (webtiles) character file.

Game seed: 1007887130283131944, levelgen mode: deterministic

1836 magipi the Chiller (level 9, -1/45 HPs)
             Began as a Kobold Ice Elementalist on Nov 1, 2019.
             Was a Priest of Dithmenos.
             Slain by an unseen horror (3 damage)
             ... on level 10 of the Dungeon.
             The game lasted 00:45:47 (10990 turns).

magipi the Chiller (Kobold Ice Elementalist)       Turns: 10990, Time: 00:45:47

Health: -1/45      AC:  6    Str:  7    XL:     9   Next: 33%
Magic:  15/15      EV: 15    Int: 18    God:    Dithmenos [***...]
Gold:   408        SH:  0    Dex: 15    Spells: 4/16 levels left

rFire    + . .     SeeInvis .   a - +0 dagger (elec)
rCold    + . .     Gourm    .   (shield restricted)
rNeg     . . .     Faith    .   r - +0 robe
rPois    +         Spirit   .   h - +1 helmet
rElec    +         Reflect  .   v - +0 cloak {rPois}
rCorr    +         Harm     .   (no gloves)
MR       .....                  j - +0 pair of boots
Stlth    +++.......             (no amulet)
HPRegen  0.15/turn              (no ring)
MPRegen  0.14/turn              (no ring)

@: resistant, very slightly contaminated, hasted, wreathed by umbra, invisible,
very quick
A: small, carnivore
a: Shadow Step, Renounce Religion


You were on level 10 of the Dungeon.
You worshipped Dithmenos.
Dithmenos was most pleased with you.
You were very full.

You visited 1 branch of the dungeon, and saw 9 of its levels.

You collected 408 gold pieces.

Inventory:

Hand Weapons
 a - a +0 dagger of electrocution (weapon)
   (You found it on level 4 of the Dungeon)
 b - a +0 spear
   (You took it off a gnoll on level 4 of the Dungeon)
 w - the +7 mace "Amit" {crush, Int+5}
   (You found it on level 5 of the Dungeon)

   It inflicts extra damage upon your enemies.
   It affects your intelligence (+5).
Missiles
 p - 6 curare-tipped darts (quivered)
 s - 4 throwing nets
Armour
 h - a +1 helmet (worn)
   (You found it on level 1 of the Dungeon)
 i - a +4 ring mail of fire resistance
   (You acquired it on level 6 of the Dungeon)
 j - a +0 pair of boots (worn)
   (You found it on level 2 of the Dungeon)
 r - a +0 robe (worn)
 t - a scarf of resistance
   (You found it on level 7 of the Dungeon)
 v - a +0 cloak of poison resistance (worn)
   (You took it off Crazy Yiuf on level 2 of the Dungeon)
Wands
 k - a wand of paralysis (4)
   (You took it off a gnoll on level 6 of the Dungeon)
 m - a wand of disintegration (12)
   (You found it on level 7 of the Dungeon)
 n - a wand of acid (6)
   (You found it on level 5 of the Dungeon)
 u - a wand of iceblast (4)
   (You found it on level 3 of the Dungeon)
Scrolls
 e - 4 scrolls of remove curse
 o - 2 scrolls of teleportation
Potions
 d - 2 potions of haste
 g - a potion of might
 l - 2 potions of ambrosia
Comestibles
 c - 14 rations


   Skills:
 - Level 2.4 Dodging
 - Level 2.6 Stealth
 + Level 4.4 Spellcasting
 - Level 4.0 Conjurations
 - Level 4.0 Charms
 + Level 6.3 Summonings
 + Level 6.4 Ice Magic


You had 4 spell levels left.
You knew the following spells:

 Your Spells              Type           Power        Failure   Level  Hunger
a - Freeze                Ice            ####         1%          1    None
b - Throw Icicle          Conj/Ice       ###.....     16%         4    ####...
i - Summon Ice Beast      Ice/Summ       ####....     10%         4    ####...
o - Ozocubu's Armour      Chrm/Ice       ###.....     4%          3    ###....

Your spell library contained the following spells:

 Spells                   Type           Power        Failure   Level  Hunger
 Throw Frost              Conj/Ice       ###...       2%          2    #......
 Iskenderun's Battlesphe  Conj/Chrm      ###.....     58%         5    ######.
 Venom Bolt               Conj/Pois      ##........   86%         5    ######.
 Bolt of Magma            Conj/Fire/Erth #.........   92%         5    ######.
 Iron Shot                Conj/Erth      ##........   100%        6    #######
 Orb of Destruction       Conj           ###.......   100%        7    #######
 Spellforged Servitor     Conj/Summ      ###.......   100%        7    #######


Dungeon Overview and Level Annotations

Branches:
Dungeon (8/15)             Temple (0/1) D:5
   Lair: D:8-11

Altars:
Ashenzari
Dithmenos
Fedhas
Nemelex Xobeh
Okawaru
Uskayaw
Xom
Yredelemnul

Shops:
D:7 (=(


Innate Abilities, Weirdness & Mutations

You are small and have problems with some larger weapons.
You are carnivorous and can eat meat at any time.


Message History

You freeze the killer bee!
The killer bee is almost dead.
The killer bee stings you.
You are poisoned.
The killer bee poisons you! The killer bee barely misses you.
Unknown command.
Casting: Freeze (safe; 1% risk of failure)
Confirm with . or Enter, or press ? or * to list all spells.
Aiming: Freeze (safe; 1% risk of failure)
Press: ? - help, Shift-Dir - straight line, f/p - killer bee
Aim: a killer bee (almost dead, umbra)
You freeze the killer bee!
You kill the killer bee!
Dithmenos accepts your kill.
You feel sick.
Unknown command.
You feel sick.
You feel sick.
There is a stone staircase leading up here.
You feel sick.
You climb upwards.
There is a stone staircase leading down here.
You start resting.
You feel sick. x2
Magic restored.
You start resting.
You feel sick.
You are no longer poisoned.
You start resting.
You flicker for a moment.
You start resting.
You flicker back into view.
You start resting.
Your magical contamination has completely faded away.
You start resting.
HP restored.
You climb downwards.
There is a stone staircase leading up here.
You fall into a shaft and drop 2 floors!
The shaft crumbles and collapses.
Unknown command.
Found a stone staircase leading up.
A worker ant comes into view.
Found 15 stones.
The helpless worker ant fails to defend itself.
You puncture the worker ant!
The worker ant is severely wounded.
The worker ant bites you but does no damage.
You hit the worker ant.
The worker ant is severely wounded.
The worker ant bites you.
Casting: Freeze (safe; 1% risk of failure)
Confirm with . or Enter, or press ? or * to list all spells.
Aiming: Freeze (safe; 1% risk of failure)
Press: ? - help, Shift-Dir - straight line, f - worker ant
Aim: a worker ant (severely wounded, umbra)
You freeze the worker ant.
The worker ant is almost dead.
The worker ant barely misses you.
Unknown command.
Casting: Freeze (safe; 1% risk of failure)
Confirm with . or Enter, or press ? or * to list all spells.
Aiming: Freeze (safe; 1% risk of failure)
Press: ? - help, Shift-Dir - straight line, f/p - worker ant
Aim: a worker ant (almost dead, umbra)
You freeze the worker ant!
You kill the worker ant!
Dithmenos accepts your kill.
You start resting.
Magic restored.
Found 12 gold pieces.
Found an escape hatch in the ceiling.
Something hits you.
Deactivating autopickup; reactivate with Ctrl-A.
Something hits you. Something hits you. Something hits you.
Something completely misses you.
Something enters a dispersal trap!
You blink.
Something enters a dispersal trap!
You blink.
Something hits you but does no damage. Something hits you. x2
Something hits you! Something hits you. Something closely misses you.
You fade into invisibility!
Something hits you!
* * * LOW HITPOINT WARNING * * *
You are very lightly contaminated with residual magic.
Unknown command.
Something hits you.
* * * LOW HITPOINT WARNING * * *
Something hits you but does no damage.
It was a potion of magic.
Magic courses through your body. Something barely misses you.
It was a potion of resistance.
You feel protected.
Something enters a dispersal trap!
You blink.
It was a potion of curing.
You feel better. Something hits you!
* * * LOW HITPOINT WARNING * * *
Something hits you but does no damage.
You feel yourself speed up. Something hits you.
You die...

#< .##.### .#. ..##
#. #.##.#...... ...
#<#..##.###..####..
#...# #........#..
##.####...####...####
#.........# ###....#
#.#ยง^.....#
#...##..# #.#.......#
#.### #
#.##.@....####.## ..
#....#.......# ##
#....#.......#
#....#.......#
#....#.......#
#....#.......#
#....#..(....#
######.......#
#.......#


There were no monsters in sight!

Vanquished Creatures
  2 sky beasts (D:5)
  A phantom (D:4)
  2 bullfrogs
  A scorpion (D:5)
  3 killer bees (D:8)
  A centaur zombie (D:6)
  A hound (D:5)
  2 gnoll shamans (D:6)
  3 worker ants
  3 hound skeletons
  12 gnolls
  8 adders
  2 oozes
  An adder zombie (D:7)
  3 worms
  2 leopard geckos
  12 orcs
  7 bats
  7 giant cockroaches
  10 goblins
  7 hobgoblins
  16 jackals
  10 kobolds
  4 quokkas
  3 ball pythons
  3 frilled lizards
  A giant cockroach zombie (D:6)
  2 quokka skeletons (D:5)
  11 rats
  A fungus (D:2)
141 creatures vanquished.

Vanquished Creatures (collateral kills)
  A troll (D:7)
  A wyvern (D:7)
  A sky beast (D:6)
  2 ogres
  3 bullfrogs (D:7)
  A gnoll shaman (D:6)
  Crazy Yiuf (D:2)
  2 worker ants
  Natasha (thrice) (D:4)
  36 gnolls (D:6)
  An adder skeleton (D:4)
  A leopard gecko (D:6)
  6 jackals (D:6)
59 creatures vanquished.

Grand Total: 200 creatures vanquished

Notes
Turn   | Place    | Note
-------+----------+-------------------------------------------
     0 | D:1      | magipi the Kobold Ice Elementalist began the quest for the
                  | Orb.
     0 | D:1      | Reached XP level 1. HP: 10/10 MP: 3/3
   275 | D:1      | Reached XP level 2. HP: 15/15 MP: 2/5
   738 | D:1      | Reached XP level 3. HP: 18/19 MP: 4/7
  1547 | D:2      | Reached XP level 4. HP: 22/24 MP: 5/8
  1884 | D:2      | Learned a level 3 spell: Ozocubu's Armour
  1889 | D:2      | Learned a level 4 spell: Throw Icicle
  2176 | D:2      | Found a shadowy altar of Dithmenos.
  2187 | D:2      | Became a worshipper of Dithmenos the Shadowed
  2221 | D:2      | Found an iron altar of Okawaru.
  2480 | D:2      | Reached skill level 1 in Charms
  2513 | D:2      | Reached XP level 5. HP: 28/28 MP: 7/10
  3007 | D:3      | Found a basalt altar of Yredelemnul.
  3098 | D:3      | Reached * piety under Dithmenos
  4024 | D:4      | Reached XP level 6. HP: 24/32 MP: 8/11
  4030 | D:4      | Learned a level 4 spell: Summon Ice Beast
  4128 | D:4      | Noticed Natasha
  4162 | D:4      | Found a shimmering altar of Xom.
  4175 | D:4      | Noticed a phantom
  4372 | D:4      | Found a shimmering altar of Xom.
  4372 | D:4      | Found a shimmering altar of Xom.
  4373 | D:4      | Found a shimmering altar of Xom.
  4374 | D:4      | Found a shimmering altar of Xom.
  4388 | D:4      | Found a shimmering altar of Xom.
  4545 | D:5      | Entered Level 5 of the Dungeon
  4551 | D:5      | Got a fine mace
  4577 | D:5      | Found a staircase to the Ecumenical Temple.
  4643 | D:5      | Found a hide-covered altar of Uskayaw.
  4739 | D:5      | Reached skill level 1 in Summonings
  4740 | D:5      | Identified the +7 mace "Amit" {crush, Int+5} (You found it
                  | on level 5 of the Dungeon)
  4775 | D:5      | Noticed a sky beast
  4825 | D:5      | Killed a sky beast
  5131 | D:5      | Reached XP level 7. HP: 28/36 MP: 8/13
  5481 | D:6      | Identified a scroll of acquirement
  5766 | D:6      | Reached ** piety under Dithmenos
  5876 | D:6      | Found a sparkling altar of Nemelex Xobeh.
  5897 | D:6      | Found a shattered altar of Ashenzari.
  6247 | D:6      | Reached XP level 8. HP: 29/41 MP: 14/14
  7152 | D:6      | Paralysed by a gnoll for 5 turns
  7813 | D:6      | Reached *** piety under Dithmenos
  8495 | D:6      | Reached skill level 5 in Summonings
  8770 | D:2      | Found a runed translucent door.
  8771 | D:2      | Noticed Crazy Yiuf
  8791 | D:2      | Killed Crazy Yiuf
  9210 | D:4      | Found a blossoming altar of Fedhas.
  9312 | D:4      | Killed Natasha
  9312 | D:4      | Reached skill level 5 in Ice Magic
  9386 | D:4      | Found a shimmering altar of Xom.
  9393 | D:4      | Found a shimmering altar of Xom.
  9393 | D:4      | Found a shimmering altar of Xom.
  9393 | D:4      | Found a shimmering altar of Xom.
  9394 | D:4      | Found a shimmering altar of Xom.
  9394 | D:4      | Found a shimmering altar of Xom.
  9401 | D:4      | Noticed Natasha
  9408 | D:4      | Killed Natasha
  9441 | D:4      | Noticed Natasha
  9447 | D:4      | Killed Natasha
  9547 | D:7      | Found Rogijeb's Jewellery Boutique.
  9599 | D:7      | Found a shimmering altar of Xom.
  9685 | D:7      | Found Lifitu's Antique Weapon Shop.
  9709 | D:7      | Noticed a troll
  9718 | D:7      | Killed a troll
  9984 | D:7      | Noticed a wyvern
  9988 | D:7      | Reached XP level 9. HP: 45/45 MP: 6/15
 10239 | D:7      | Found Qianoij's Antique Weapon Emporium.
 10920 | D:8      | You fall into a shaft and drop 2 floors!
 10920 | D:10     | Entered Level 10 of the Dungeon
 10986 | D:10     | HP: 1/45 [something (6)]
 10990 | D:10     | Slain by an unseen horror

Levels and vault maps discovered:
D:1:      dpeg_arrival_solitude, layout_basic, minmay_misc_feat_plants
D:2:      layout_loops_ring, nicolae_overflow_crystal_walls, minivault_26,
          minmay_misc_feat_hallway, nicolae_dithmenos_through_a_glass_darkly,
          uniq_crazy_yiuf_cottage
D:3:      layout_loops_ring, overflow_temple_1_default
D:4:      layout_basic, lemuel_coloured_pillars_altar, minmay_misc_feat_tower,
          xom_redecorated, uniq_natasha
D:5:      layout_loops_ring, lemuel_crystal_altar, temple_statues, first_ration
D:6:      lemuel_castle_with_subvaults [lemuel_castle_interior_original],
          layout_basic, ashenzari_conservatory_becter, old_standard_altar,
          serial_glass, glass_columns_a, glass_columns_b
D:7:      layout_rooms, lemuel_crystal_altar, serial_shops, shop,
          nicolae_shop_crystal, shop
D:8:      layout_basic, old_standard_altar
D:10:     layout_rooms

Skill      XL: |  1  2  3  4  5  6  7  8  9 |
---------------+----------------------------+-----
Spellcasting   | 3 4 |  4.4
Ice Magic      | 4 5 6 |  6.4
Charms         | 1 2 3 4 |  4.0
Conjurations   | 2 3 4 |  4.0
Summonings     | 2 3 5 6 |  6.3
Dodging        | |  2.4
Stealth        | |  2.6

Action                   |  1- 3 |  4- 6 |  7- 9 || total
-------------------------+-------+-------+-------++-------
Melee: Unarmed           |    11 |       |       ||    11
       Short sword       |    16 |    21 |       ||    37
       Dagger            |       |    39 |   130 ||   169
       Mace              |       |     1 |       ||     1
       Spear             |       |       |    63 ||    63
 Cast: Freeze            |    43 |   103 |    57 ||   203
       Ozocubu's Armour  |       |     1 |     1 ||     2
       Summon Ice Beast  |       |       |    59 ||    59
  Use: Scroll            |       |    11 |     6 ||    17
       Potion            |       |       |     7 ||     7
 Stab: Sleeping          |     2 |    10 |     9 ||    21
       Invisible         |       |       |     4 ||     4
       Distracted        |       |       |     1 ||     1
  Eat: Chunk             |    10 |    11 |    29 ||    50
Armor: Robe              |    11 |    16 |    52 ||    79
Dodge: Dodged            |    46 |   105 |   248 ||   399

Action                   |  1- 3 |  4- 6 |  7- 9 || total
-------------------------+-------+-------+-------++-------
Melee: Unarmed           |    11 |       |       ||    11
       Short sword       |    16 |    21 |       ||    37
       Dagger            |       |    39 |   130 ||   169
       Mace              |       |     1 |       ||     1
       Spear             |       |       |    63 ||    63
 Cast: Freeze            |    43 |   103 |    57 ||   203
       Ozocubu's Armour  |       |     1 |     1 ||     2
       Summon Ice Beast  |       |       |    59 ||    59
  Use: Scroll            |       |    11 |     6 ||    17
       Potion            |       |       |     7 ||     7
 Stab: Sleeping          |     2 |    10 |     9 ||    21
       Invisible         |       |       |     4 ||     4
       Distracted        |       |       |     1 ||     1
  Eat: Chunk             |    10 |    11 |    29 ||    50
Armor: Robe              |    11 |    16 |    52 ||    79
Dodge: Dodged            |    46 |   105 |   248 ||   399
